 Dungeon Crawl Stone Soup version 0.30.0-5-g1a98f26d00 (webtiles) character file.

Game seed: 18280878951540970078

203 fozzywoppz the Trooper (level 5, -4/50 HPs)
             Began as a Minotaur Fighter on May 9, 2023.
             Slain by an orc priest
             ... wielding a +0 flail
              (6 damage)
             ... on level 4 of the Dungeon.
             The game lasted 00:04:15 (2782 turns).

fozzywoppz the Trooper (Minotaur Fighter)           Turns: 2782, Time: 00:04:15

Health: -4/50      AC: 11    Str: 21    XL:     5   Next: 51%
Magic:  4/4        EV:  5    Int:  5    God:
Gold:   169        SH:  6    Dex: 11    Spells: 4/4 levels left

rFire   . . .        a - +0 war axe
rCold   . . .        u - +2 buckler
rNeg    . . .        g - +0 plate armour
rPois   .            (helmet restricted)
rElec   .            (no cloak)
rCorr   .            (no gloves)
SInv    .            (no boots)
Will    .....        (no amulet) Stlth
                     (no ring)
HPRegen 0.28/turn    (no ring)
MPRegen 0.09/turn

%: no passive effects
@: attractive, hasted, very quick
A: horns 2, retaliatory headbutt
a: no special abilities


You were on level 4 of the Dungeon.
You visited 1 branch of the dungeon, and saw 4 of its levels.

You collected 169 gold pieces.

Inventory:

Hand Weapons
 a - a +0 war axe (weapon)
 p - a +0 morningstar
Missiles
 o - 2 throwing nets (quivered)
 t - 2 stones
Armour
 c - a +0 buckler
 g - a +0 plate armour (worn)
 u - a +2 buckler (worn)
Jewellery
 h - an amulet of faith
 i - a ring of magical power
Wands
 m - a wand of charming (7)
 q - a wand of digging (6)
Scrolls
 f - 2 scrolls of summoning {unknown}
 k - a scroll of enchant armour {unknown}
 r - a scroll of amnesia {unknown}
 s - 3 scrolls of blinking {unknown}
 v - a scroll of magic mapping {unknown}
Potions
 d - 4 potions of might
 e - a potion of brilliance {unknown}
 j - a potion of degeneration {unknown}
 l - a potion of lignification {unknown}
 n - a potion of haste


   Skills:
 + Level 5.9 Fighting
 + Level 5.2 Axes
 - Level 3.6 Armour
 - Level 3.6 Shields


You had 4 spell levels left.
You didn't know any spells.
Your spell library was empty.

Dungeon Overview and Level Annotations

Branches:
Dungeon (4/15)
 Temple: D:4-7

Altars:


Innate Abilities, Weirdness & Mutations

You have a pair of horns on your head.
You reflexively headbutt those who attack you in melee.


Message History

You block the orc wizard's attack. You block the orc priest's attack.
The orc barely misses you. You furiously retaliate!
You headbutt the orc!
You kill the orc!
You hit the orc priest.
The orc priest is moderately wounded.
You closely miss the orc wizard. You block the orc wizard's attack.
The orc priest invokes the aid of Beogh against you.
Beogh smites you! The orc wizard closely misses you.
The orc wizard gestures at you while chanting.
The puff of flame hits you but does no damage.
You closely miss the orc wizard.
The orc wizard is lightly wounded.
You hit the orc priest. You block the orc priest's attack.
The orc wizard gestures at you while chanting.
The magic dart hits you.
* * * LOW HITPOINT WARNING * * *
The orc priest hits you with a +0 flail.
* * * LOW HITPOINT WARNING * * *
A goblin comes into view. It is wielding a +0 dagger.
The goblin shouts!
You slash the orc wizard!
The orc wizard is severely wounded.
You barely miss the orc priest.
The orc wizard hits you but does no damage.
The goblin unwields a +0 dagger.
The goblin wields a +0 sling.
The goblin shoots a sling bullet.
You block the sling bullet.
The orc priest hits you with a +0 flail.
* * * LOW HITPOINT WARNING * * *
A phantom comes into view.
The orc wizard hits you but does no damage.
It was a potion of haste.
You feel yourself speed up.
The orc wizard hits you with a +0 dagger of speed.
* * * LOW HITPOINT WARNING * * *
The orc priest looks satisfied for a moment.
The goblin shoots a sling bullet.
You block the sling bullet.
It was a potion of attraction.
You feel attractive to monsters.
The orc wizard hits you but does no damage.
The orc priest hits you with a +0 flail.
You die...

######.... .
..........
#.#####.........
...............
#..#......)...
.............
##.)o......#
#...@o......
##.?)........
#..#.........
#.#####......
#.# ...... #.#
....Wg #.#
#...... ..
#.#####..<...
#.. #....##.....
...#


You could see a phantom, an orc priest, an orc wizard and a goblin.

Vanquished Creatures
  A sleepcap (D:4)
  Ijyb (D:3)
  4 gnolls (D:2)
  3 adders
  2 worms (D:2)
  2 dart slugs
  4 orcs
  12 endoplasms
  5 giant cockroaches
  5 hobgoblins
  8 kobolds
  2 quokkas
  8 ball pythons
  6 bats
  4 frilled lizards
  6 goblins
  5 rats
78 creatures vanquished.

Notes
Turn   | Place    | Note
-------+----------+-------------------------------------------
     0 | D:1      | fozzywoppz the Minotaur Fighter began the quest for the
                  | Orb.
     0 | D:1      | Reached XP level 1. HP: 19/19 MP: 0/0
   212 | D:1      | Reached XP level 2. HP: 16/27 MP: 1/1
   470 | D:1      | Reached XP level 3. HP: 34/34 MP: 2/2
   499 | D:1      | Found a faded altar of an unknown god.
  1505 | D:2      | Reached skill level 5 in Fighting
  1505 | D:2      | Reached XP level 4. HP: 42/42 MP: 3/3
  2261 | D:3      | Noticed Ijyb
  2279 | D:3      | Killed Ijyb
  2280 | D:3      | Reached XP level 5. HP: 43/49 MP: 4/4
  2703 | D:4      | Reached skill level 5 in Axes
  2780 | D:4      | HP: 2/50 [orc priest/+0 flail (5)]
  2780 | D:4      | Noticed a phantom
  2782 | D:4      | Slain by an orc priest

Illustrated notes

Levels and vault maps discovered:
D:1:      tarquinn_simple_flora_water_b, layout_basic,
          hellmonk_ecumenical_altar_leap_of_faith, serial_rivers,
          chequers_serial_rivers_small_b, chequers_serial_rivers_small_3,
          chequers_serial_rivers_room_a, chequers_serial_rivers_micro_a
D:2:      layout_loops_ring
D:3:      minmay_general_purpose_star, layout_loops_corners, uniq_ijyb
D:4:      layout_rooms, old_standard_altar

Skill      XL: |  1  2  3  4  5 |
---------------+----------------+-----
Fighting       | 4 5 |  5.9
Axes           | 3 4 5 |  5.2
Armour         | |  3.6
Shields        | |  3.6

Action                     |  1- 3 |  4- 6 || total
---------------------------+-------+-------++-------
  Melee: War axe           |    75 |    65 ||   140
         Headbutt          |    14 |    11 ||    25
    Use: Potion            |       |     2 ||     2
 Armour: Scale mail        |     5 |       ||     5
         Plate armour      |    47 |    54 ||   101
  Dodge: Dodged            |    30 |    15 ||    45
  Block: Buckler           |    13 |    22 ||    35
